| TOP OF THE 1ST |
|
Princeton Rays batting - Pitching for Oakland (APP) Athletics : RHP Jaime Sanchez
|
|
Pitching: RHP Jaime Sanchez
|
|
|
Batting: SHB Dan Trainer
|
0-0: Called Strike 0-1: Foul Ball, location: 2F 0-2: Strikes out swinging
|
|
Batting: RHB Ben Saxton
|
0-0: Called Strike 0-1: Ground out 3-1 (Groundball, 34S, EV 70.6 MPH)
|
|
Batting: LHB Dave Northam
|
0-0: Ball 1-0: Ball 2-0: Ball 3-0: Called Strike 3-1: Called Strike 3-2: SINGLE (Groundball, 34D, EV 101.2 MPH)
|
|
Batting: SHB Omar Cervantes
|
0-0: Ball 1-0: Ball 2-0: Swinging Strike 2-1: Foul Ball, location: 2F 2-2: Ground out U3 (Groundball, 3, EV 101.9 MPH)
|
| Top of the 1st over - 0 runs, 1 hit, 0 errors, 1 left on base; Princeton 0 - Oakland (APP) 0 |
| BOTTOM OF THE 1ST |
|
Oakland (APP) Athletics batting - Pitching for Princeton Rays : RHP Mo Vaughan
|
|
Pitching: RHP Mo Vaughan
|
|
|
Batting: LHB Diego Vega
|
0-0: Ball 1-0: Foul Ball, location: 2F 1-1: Ground out 1-3 (Groundball, 13S, EV 66.2 MPH)
|
|
Batting: RHB Gabe Secundino
|
0-0: Called Strike 0-1: Foul Ball, location: 2F 0-2: Ground out 1-3 (Groundball, 34S, EV 70.0 MPH)
|
|
Batting: RHB Phoctor Dill
|
0-0: Ball 1-0: Ball 2-0: Fly out, F9 (Flyball, 89M, EV 92.5 MPH)
|
| Bottom of the 1st over - 0 runs, 0 hits, 0 errors, 0 left on base; Princeton 0 - Oakland (APP) 0 |
| TOP OF THE 2ND |
|
Princeton Rays batting - Pitching for Oakland (APP) Athletics : RHP Jaime Sanchez
|
|
Batting: RHB Willie Acevedo
|
0-0: Ball 1-0: Foul Ball, location: 2F 1-1: Swinging Strike 1-2: Ball 2-2: Strikes out swinging
|
|
Batting: LHB Matt Pena
|
0-0: Ball 1-0: Fly out, F8 (Flyball, 8LD, EV 98.1 MPH)
|
|
Batting: RHB Jeff Standridge
|
0-0: Called Strike 0-1: Called Strike 0-2: Ball 1-2: Strikes out swinging
|
| Top of the 2nd over - 0 runs, 0 hits, 0 errors, 0 left on base; Princeton 0 - Oakland (APP) 0 |
| BOTTOM OF THE 2ND |
|
Oakland (APP) Athletics batting - Pitching for Princeton Rays : RHP Mo Vaughan
|
|
Batting: LHB Ben Landry
|
0-0: Called Strike 0-1: Ground out 4-3 (Groundball, 4, EV 104.4 MPH)
|
|
Batting: RHB Pete Goerge
|
0-0: Ball 1-0: Swinging Strike 1-1: Swinging Strike 1-2: Foul Ball, location: 2F 1-2: Strikes out swinging
|
|
Batting: RHB Toyohiko Nakajima
|
0-0: Called Strike 0-1: Ground out 4-3 (Groundball, 4, EV 93.8 MPH)
|
| Bottom of the 2nd over - 0 runs, 0 hits, 0 errors, 0 left on base; Princeton 0 - Oakland (APP) 0 |
| TOP OF THE 3RD |
|
Princeton Rays batting - Pitching for Oakland (APP) Athletics : RHP Jaime Sanchez
|
|
Batting: RHB Cody Gebo
|
0-0: Ground out 4-3 (Groundball, 4, EV 78.1 MPH)
|
|
Batting: RHB Gilbert Hoareau
|
0-0: Bunt missed! 0-1: Swinging Strike 0-2: Ball 1-2: Ball 2-2: Ball 3-2: Foul Ball, location: 2F 3-2: Foul Ball, location: 2F 3-2: Foul Ball, location: 2F 3-2: Base on Balls
|
|
Batting: SHB Dan Trainer
|
0-0: Ball Gilbert Hoareau steals 2nd base 1-0: Foul Ball, location: 2F 1-1: Ball 2-1: Ball 3-1: Called Strike 3-2: Base on Balls
|
|
Batting: RHB Ben Saxton
|
0-0: Called Strike 0-1: Ball 1-1: Fly out, F6 (Line Drive, 4M, EV 65.6 MPH)
|
|
Batting: LHB Dave Northam
|
0-0: Ball 1-0: Called Strike 1-1: Ball 2-1: Ball 3-1: 3-RUN HOME RUN (Flyball, 89XD, EV 98.1 MPH), Distance : 390 ft
|
|
Batting: SHB Omar Cervantes
|
0-0: Hit by Pitch
|
|
Batting: RHB Willie Acevedo
|
0-0: Ball 1-0: Ball 2-0: Fielders Choice at 2nd, U4 (Groundball, 4M, EV 85.0 MPH)
|
| Top of the 3rd over - 3 runs, 1 hit, 0 errors, 1 left on base; Princeton 3 - Oakland (APP) 0 |
| BOTTOM OF THE 3RD |
|
Oakland (APP) Athletics batting - Pitching for Princeton Rays : RHP Mo Vaughan
|
|
Batting: SHB Raul Herrera
|
0-0: Ball 1-0: Ball 2-0: Called Strike 2-1: Called Strike 2-2: Fly out, F8 (Flyball, 78M, EV 95.6 MPH)
|
|
Batting: LHB Bryan Hodensack
|
0-0: Ball 1-0: Ground out 6-3 (Groundball, 4MD, EV 101.2 MPH)
|
|
Batting: RHB Dave Villarreal
|
0-0: Ground out 5-3 (Groundball, 56, EV 105.0 MPH)
|
| Bottom of the 3rd over - 0 runs, 0 hits, 0 errors, 0 left on base; Princeton 3 - Oakland (APP) 0 |
| TOP OF THE 4TH |
|
Princeton Rays batting - Pitching for Oakland (APP) Athletics : RHP Jaime Sanchez
|
|
Batting: LHB Matt Pena
|
0-0: Called Strike 0-1: Ground out U3 (Groundball, 3, EV 80.6 MPH)
|
|
Batting: RHB Jeff Standridge
|
0-0: Ball 1-0: Called Strike 1-1: Ball 2-1: Called Strike 2-2: Foul Ball, location: 2F 2-2: Ball 3-2: Foul Ball, location: 2F 3-2: Strikes out swinging
|
|
Batting: RHB Cody Gebo
|
0-0: Called Strike 0-1: Ground out 6-3 (Groundball, 6S, EV 86.2 MPH)
|
| Top of the 4th over - 0 runs, 0 hits, 0 errors, 0 left on base; Princeton 3 - Oakland (APP) 0 |
| BOTTOM OF THE 4TH |
|
Oakland (APP) Athletics batting - Pitching for Princeton Rays : RHP Mo Vaughan
|
|
Batting: LHB Diego Vega
|
0-0: Foul Ball, location: 2F 0-1: Ball 1-1: Swinging Strike 1-2: Ball 2-2: Ball 3-2: Strikes out swinging
|
|
Batting: RHB Gabe Secundino
|
0-0: Ball 1-0: Ball 2-0: Ball 3-0: Base on Balls
|
|
Batting: RHB Phoctor Dill
|
0-0: Ball 1-0: Swinging Strike 1-1: Ball 2-1: Ball 3-1: Base on Balls Gabe Secundino to second
|
|
Batting: LHB Ben Landry
|
0-0: Ball 1-0: Ball 2-0: Called Strike 2-1: Swinging Strike 2-2: Strikes out swinging
|
|
Batting: RHB Pete Goerge
|
0-0: Called Strike 0-1: Ground out 3-1 (Groundball, 34S, EV 89.4 MPH)
|
| Bottom of the 4th over - 0 runs, 0 hits, 0 errors, 2 left on base; Princeton 3 - Oakland (APP) 0 |
| TOP OF THE 5TH |
|
Princeton Rays batting - Pitching for Oakland (APP) Athletics : RHP Jaime Sanchez
|
|
Batting: RHB Gilbert Hoareau
|
0-0: Ball 1-0: Ball 2-0: Ball 3-0: Called Strike 3-1: Foul Ball, location: 2F 3-2: Strikes out looking
|
|
Batting: SHB Dan Trainer
|
0-0: Called Strike 0-1: Ball 1-1: Foul Ball, location: 2F 1-2: Ground out 6-3 (Groundball, 6MS, EV 65.6 MPH)
|
|
Batting: RHB Ben Saxton
|
0-0: Ball 1-0: Ball 2-0: Called Strike 2-1: Foul Ball, location: 2F 2-2: Foul Ball, location: 2F 2-2: Ball 3-2: Foul Ball, location: 2F 3-2: Strikes out swinging
|
| Top of the 5th over - 0 runs, 0 hits, 0 errors, 0 left on base; Princeton 3 - Oakland (APP) 0 |
| BOTTOM OF THE 5TH |
|
Oakland (APP) Athletics batting - Pitching for Princeton Rays : RHP Mo Vaughan
|
|
Batting: RHB Toyohiko Nakajima
|
0-0: Reached on error, E6 (Groundball, 6, EV 104.4 MPH)
|
|
Batting: SHB Raul Herrera
|
0-0: Ball 1-0: Fly out, F9 (Flyball, 9S, EV 78.8 MPH)
|
|
Batting: LHB Bryan Hodensack
|
0-0: Called Strike 0-1: Ball 1-1: Ball 2-1: Ball 3-1: Fielders Choice at 2nd, 4-6 (Groundball, 4, EV 88.1 MPH)
|
|
Batting: RHB Dave Villarreal
|
0-0: Called Strike Bryan Hodensack steals 2nd base 0-1: SINGLE (Groundball, 56D, EV 110.0 MPH) Bryan Hodensack to third Runner from 3rd tries for Home, SAFE, throw by LF to home
|
|
Batting: LHB Diego Vega
|
0-0: Foul Ball, location: 2F 0-1: Ground out 4-3 (Groundball, 4, EV 87.5 MPH)
|
| Bottom of the 5th over - 1 run, 1 hit, 1 error, 1 left on base; Princeton 3 - Oakland (APP) 1 |
| TOP OF THE 6TH |
|
Princeton Rays batting - Pitching for Oakland (APP) Athletics : RHP Jaime Sanchez
|
|
Batting: LHB Dave Northam
|
0-0: Ball 1-0: Ball 2-0: Ball 3-0: Base on Balls
|
|
Batting: SHB Omar Cervantes
|
0-0: Ball Wild Pitch! Dave Northam to second 1-0: Ball 2-0: Ball 3-0: Base on Balls
|
|
Batting: RHB Willie Acevedo
|
0-0: Grounds into double play, 6-4-3 (Groundball, 6S, EV 85.0 MPH) Dave Northam to third
|
|
Batting: LHB Matt Pena
|
0-0: Ball 1-0: Reached on error, E4 (Groundball, 34, EV 104.4 MPH) Dave Northam scores
|
|
Batting: RHB Jeff Standridge
|
0-0: Ball 1-0: Called Strike 1-1: Ball 2-1: Called Strike 2-2: Ball 3-2: Ground out 4-3 (Groundball, 34, EV 85.6 MPH)
|
| Top of the 6th over - 1 run, 0 hits, 1 error, 1 left on base; Princeton 4 - Oakland (APP) 1 |
| BOTTOM OF THE 6TH |
|
Oakland (APP) Athletics batting - Pitching for Princeton Rays : RHP Mo Vaughan
|
|
Batting: RHB Gabe Secundino
|
0-0: Ground out 6-3 (Groundball, 6, EV 90.6 MPH)
|
|
Batting: RHB Phoctor Dill
|
0-0: Ball 1-0: Ball 2-0: Called Strike 2-1: Ball 3-1: Foul Ball, location: 2F 3-2: Base on Balls
|
|
Batting: LHB Ben Landry
|
0-0: Ball 1-0: Ball 2-0: Foul Ball, location: 2F 2-1: Called Strike 2-2: Strikes out swinging
|
|
Batting: RHB Pete Goerge
|
0-0: Ball 1-0: 2-RUN HOME RUN (Flyball, 78XD, EV 100.6 MPH), Distance : 422 ft
|
|
Batting: RHB Toyohiko Nakajima
|
0-0: Called Strike 0-1: Swinging Strike 0-2: Ball 1-2: DOUBLE (Line Drive, 5D, EV 102.5 MPH)
|
|
Batting: SHB Raul Herrera
|
0-0: Ball 1-0: Foul Ball, location: 2F 1-1: Ball 2-1: Ball 3-1: Foul Ball, location: 2F 3-2: Ground out U3 (Groundball, 3L, EV 89.4 MPH)
|
| Bottom of the 6th over - 2 runs, 2 hits, 0 errors, 1 left on base; Princeton 4 - Oakland (APP) 3 |
| TOP OF THE 7TH |
|
Princeton Rays batting - Pitching for Oakland (APP) Athletics : RHP Jaime Sanchez
|
|
Pinch Hitting: LHB Jonathan Watt
|
0-0: SINGLE (Groundball, 4D, EV 101.9 MPH)
|
|
Batting: RHB Gilbert Hoareau
|
0-0: Ball 1-0: Ball 2-0: Sac Bunt to 15 - play at first, batter OUT! 1-4 Jonathan Watt to second
|
|
Pitching: RHP Andy Teague
|
|
|
Batting: SHB Dan Trainer
|
0-0: Ball 1-0: Foul Ball, location: 2F 1-1: Foul Ball, location: 2F 1-2: Foul Ball, location: 2F 1-2: Ball 2-2: Fly out, F6 (Popup, 6MD, EV 66.9 MPH)
|
|
Batting: RHB Ben Saxton
|
0-0: Ball 1-0: SINGLE (Flyball, 34D, EV 98.1 MPH) Jonathan Watt to third Runner from 3rd tries for Home, SAFE, throw by RF to home
|
|
Batting: LHB Dave Northam
|
0-0: Ball 1-0: Ball 2-0: Ground out 4-3 (Groundball, 4, EV 96.2 MPH)
|
| Top of the 7th over - 1 run, 2 hits, 0 errors, 1 left on base; Princeton 5 - Oakland (APP) 3 |
| BOTTOM OF THE 7TH |
|
Oakland (APP) Athletics batting - Pitching for Princeton Rays : RHP Mo Vaughan
|
|
Now in LF: Tony Bonilla
|
|
|
Batting: LHB Bryan Hodensack
|
0-0: Foul Ball, location: 2F 0-1: Ground out U3 (Groundball, 34S, EV 85.0 MPH)
|
|
Batting: RHB Dave Villarreal
|
0-0: Called Strike 0-1: Foul Ball, location: 2F 0-2: Ball 1-2: Ball 2-2: Strikes out swinging
|
|
Pitching: RHP Cole Roome
|
|
|
Batting: LHB Diego Vega
|
0-0: Ball 1-0: Foul Ball, location: 2F 1-1: Swinging Strike 1-2: Strikes out looking
|
| Bottom of the 7th over - 0 runs, 0 hits, 0 errors, 0 left on base; Princeton 5 - Oakland (APP) 3 |
| TOP OF THE 8TH |
|
Princeton Rays batting - Pitching for Oakland (APP) Athletics : RHP Andy Teague
|
|
Batting: SHB Omar Cervantes
|
0-0: Ball 1-0: Foul Ball, location: 2F 1-1: Foul Ball, location: 2F 1-2: Ball 2-2: Foul Ball, location: 2F 2-2: Fly out, F9 (Flyball, 89D, EV 95.0 MPH)
|
|
Batting: RHB Willie Acevedo
|
0-0: Ball 1-0: Foul Ball, location: 2F 1-1: Swinging Strike 1-2: Foul Ball, location: 2F 1-2: Ball 2-2: Strikes out swinging
|
|
Batting: LHB Matt Pena
|
0-0: Ball 1-0: Ball 2-0: Swinging Strike 2-1: Foul Ball, location: 2F 2-2: Foul Ball, location: 2F 2-2: Ball 3-2: Foul Ball, location: 2F 3-2: Strikes out swinging
|
| Top of the 8th over - 0 runs, 0 hits, 0 errors, 0 left on base; Princeton 5 - Oakland (APP) 3 |
| BOTTOM OF THE 8TH |
|
Oakland (APP) Athletics batting - Pitching for Princeton Rays : RHP Cole Roome
|
|
Batting: RHB Gabe Secundino
|
0-0: Called Strike 0-1: Ball 1-1: Swinging Strike 1-2: SOLO HOME RUN (Flyball, 78XD, EV 111.2 MPH), Distance : 417 ft
|
|
Batting: RHB Phoctor Dill
|
0-0: Ball 1-0: Called Strike 1-1: Ball 2-1: Ball 3-1: Foul Ball, location: 2F 3-2: SOLO HOME RUN (Flyball, 78XD, EV 101.2 MPH), Distance : 411 ft
|
|
Batting: LHB Ben Landry
|
0-0: Foul Ball, location: 2F 0-1: Ground out 4-3 (Groundball, 4, EV 83.1 MPH)
|
|
Batting: RHB Pete Goerge
|
0-0: Ball 1-0: Called Strike 1-1: Swinging Strike 1-2: Ball 2-2: Foul Ball, location: 2F 2-2: Ball 3-2: Base on Balls
|
|
Batting: RHB Toyohiko Nakajima
|
0-0: Ball 1-0: Called Strike 1-1: Ball 2-1: Ball 3-1: Swinging Strike 3-2: Strikes out swinging
|
|
Batting: SHB Raul Herrera
|
0-0: Called Strike 0-1: Foul Ball, location: 2F 0-2: SINGLE (Groundball, 6S, EV 63.1 MPH) (infield hit) Pete Goerge to second
|
|
Batting: LHB Bryan Hodensack
|
0-0: Ball 1-0: Fly out, F7 (Flyball, 7LM, EV 101.2 MPH)
|
| Bottom of the 8th over - 2 runs, 3 hits, 0 errors, 2 left on base; Princeton 5 - Oakland (APP) 5 |
| TOP OF THE 9TH |
|
Princeton Rays batting - Pitching for Oakland (APP) Athletics : RHP Andy Teague
|
|
Batting: RHB Bobby Ross
|
0-0: Called Strike 0-1: Swinging Strike 0-2: Ball 1-2: Ground out 6-3 (Groundball, 6, EV 77.5 MPH)
|
|
Pinch Hitting: LHB Ian Cranton
|
0-0: Ball 1-0: Foul Ball, location: 2F 1-1: Foul Ball, location: 2F 1-2: Ball 2-2: Ground out 6-3 (Groundball, 6, EV 85.6 MPH)
|
|
Batting: RHB Gilbert Hoareau
|
0-0: Called Strike 0-1: Ball 1-1: Swinging Strike 1-2: Foul Ball, location: 2F 1-2: Foul Ball, location: 2F 1-2: Ball 2-2: Strikes out swinging
|
| Top of the 9th over - 0 runs, 0 hits, 0 errors, 0 left on base; Princeton 5 - Oakland (APP) 5 |
| BOTTOM OF THE 9TH |
|
Oakland (APP) Athletics batting - Pitching for Princeton Rays : RHP Cole Roome
|
|
Now in LF: Carlos Ruelas
|
|
|
Pinch Hitting: LHB Logan Stewart
|
0-0: Called Strike 0-1: Swinging Strike 0-2: Ball 1-2: Ball 2-2: Strikes out looking
|
|
Batting: LHB Diego Vega
|
0-0: Ball 1-0: Ball 2-0: Ball 3-0: Called Strike 3-1: Base on Balls
|
|
Pitching: RHP Vince Martinez
|
|
|
Batting: RHB Gabe Secundino
|
0-0: Called Strike 0-1: Bunted foul 0-2: Ball 1-2: Fly out, F8 (Line Drive, 8LD, EV 88.1 MPH)
|
|
Batting: RHB Phoctor Dill
|
0-0: Ball 1-0: Ball 2-0: Foul Ball, location: 2F 2-1: Ball 3-1: Fly out, F8 (Flyball, 8LM, EV 88.8 MPH)
|
| Bottom of the 9th over - 0 runs, 0 hits, 0 errors, 1 left on base; Princeton 5 - Oakland (APP) 5 |
| TOP OF THE 10TH |
|
Princeton Rays batting - Pitching for Oakland (APP) Athletics : RHP Andy Teague
|
|
Pitching: LHP Noah Young
|
|
|
Now at C: Colin Edwards
|
|
|
Batting: SHB Dan Trainer
|
0-0: Ball 1-0: Ball 2-0: Ball 3-0: Called Strike 3-1: Called Strike 3-2: Ground out 2-3 (Groundball, 15S, EV 67.5 MPH)
|
|
Batting: RHB Ben Saxton
|
0-0: Called Strike 0-1: Ball 1-1: Ball 2-1: Called Strike 2-2: Foul Ball, location: 2F 2-2: Ball 3-2: Foul Ball, location: 2F 3-2: Base on Balls
|
|
Batting: LHB Dave Northam
|
0-0: 2-RUN HOME RUN (Flyball, 89XD, EV 100.6 MPH), Distance : 397 ft
|
|
Batting: SHB Omar Cervantes
|
0-0: Ball 1-0: Ball 2-0: Called Strike 2-1: Ball 3-1: Swinging Strike 3-2: Strikes out swinging
|
|
Batting: RHB Willie Acevedo
|
0-0: Swinging Strike 0-1: Called Strike 0-2: Ball 1-2: Ball 2-2: Ball 3-2: Strikes out looking
|
| Top of the 10th over - 2 runs, 1 hit, 0 errors, 0 left on base; Princeton 7 - Oakland (APP) 5 |
| BOTTOM OF THE 10TH |
|
Oakland (APP) Athletics batting - Pitching for Princeton Rays : RHP Vince Martinez
|
|
Pitching: RHP Matt Roberts
|
|
|
Batting: LHB Ben Landry
|
0-0: Foul Ball, location: 2F 0-1: SINGLE (Groundball, 34D, EV 95.6 MPH)
|
|
Batting: RHB Pete Goerge
|
0-0: Ball 1-0: Ball 2-0: Called Strike 2-1: Ball 3-1: SINGLE (Groundball, 6MD, EV 109.4 MPH) Ben Landry to second
|
|
Batting: RHB Toyohiko Nakajima
|
0-0: Ball 1-0: Swinging Strike 1-1: Called Strike 1-2: Strikes out swinging
|
|
Batting: SHB Raul Herrera
|
0-0: Ball 1-0: Foul Ball, location: 2F 1-1: Foul Ball, location: 2F 1-2: Ball 2-2: Strikes out swinging
|
|
Batting: LHB Bryan Hodensack
|
0-0: Called Strike 0-1: Ball 1-1: Ball 2-1: Swinging Strike 2-2: Ball 3-2: Base on Balls Ben Landry to third Pete Goerge to second
|
|
Pinch Hitting: LHB Gil Ketterer
|
0-0: SINGLE (Line Drive, 56, EV 95.6 MPH) Ben Landry scores Pete Goerge to third Bryan Hodensack to second Runner from 3rd tries for Home, SAFE, throw by LF to home
|
|
Batting: LHB Diego Vega
|
0-0: Called Strike 0-1: Foul Ball, location: 2F 0-2: Ball 1-2: Strikes out swinging
|
| Bottom of the 10th over - 2 runs, 3 hits, 0 errors, 2 left on base; Princeton 7 - Oakland (APP) 7 |
| TOP OF THE 11TH |
|
Princeton Rays batting - Pitching for Oakland (APP) Athletics : LHP Noah Young
|
|
Now at C: Jonathan Young
|
|
|
Pinch Hitting: RHB Toshikatsu Omori
|
0-0: Foul Ball, location: 2F 0-1: Ball 1-1: Ball 2-1: Ball 3-1: Foul Ball, location: 2F 3-2: Strikes out swinging
|
|
Batting: RHB Bobby Ross
|
0-0: Foul Ball, location: 2F 0-1: Foul Ball, location: 2F 0-2: Ball 1-2: Ball 2-2: Foul Ball, location: 2F 2-2: Ball 3-2: SOLO HOME RUN (Flyball, 78XD, EV 115.0 MPH), Distance : 423 ft
|
|
Pitching: RHP Albie Cisneros
|
|
|
Batting: RHB Carlos Ruelas
|
0-0: Ball 1-0: Ball 2-0: Ball 3-0: Called Strike 3-1: Swinging Strike 3-2: Strikes out looking
|
|
Batting: RHB Gilbert Hoareau
|
0-0: Ball 1-0: Ball 2-0: Called Strike 2-1: DOUBLE (Line Drive, 78D, EV 108.8 MPH)
|
|
Batting: SHB Dan Trainer
|
0-0: Swinging Strike 0-1: Called Strike 0-2: Ball 1-2: Strikes out looking
|
| Top of the 11th over - 1 run, 2 hits, 0 errors, 1 left on base; Princeton 8 - Oakland (APP) 7 |
| BOTTOM OF THE 11TH |
|
Oakland (APP) Athletics batting - Pitching for Princeton Rays : RHP Matt Roberts
|
|
Pitching: RHP Marc Furr
|
|
|
Now in RF: Gabe Wilcoxon
|
|
|
Batting: RHB Gabe Secundino
|
0-0: Foul Ball, location: 2F 0-1: Ball 1-1: Called Strike 1-2: Ground out 6-3 (Groundball, 6, EV 85.6 MPH)
|
|
Pitching: RHP Michito Higashi
|
|
|
Batting: RHB Phoctor Dill
|
0-0: Ball 1-0: Swinging Strike 1-1: Ball 2-1: Ball 3-1: Called Strike 3-2: Foul Ball, location: 2F 3-2: Fly out, F9 (Flyball, 89S, EV 88.8 MPH)
|
|
Batting: LHB Ben Landry
|
0-0: Swinging Strike 0-1: SOLO HOME RUN (Flyball, 8LXD, EV 110.0 MPH), Distance : 427 ft
|
|
Batting: RHB Pete Goerge
|
0-0: Foul Ball, location: 2F 0-1: Swinging Strike 0-2: Strikes out swinging
|
| Bottom of the 11th over - 1 run, 1 hit, 0 errors, 0 left on base; Princeton 8 - Oakland (APP) 8 |
| TOP OF THE 12TH |
|
Princeton Rays batting - Pitching for Oakland (APP) Athletics : RHP Albie Cisneros
|
|
Batting: RHB Ben Saxton
|
0-0: Ball 1-0: Called Strike 1-1: Swinging Strike 1-2: Strikes out swinging, 2-3 out at first.
|
|
Batting: LHB Dave Northam
|
0-0: SINGLE (Flyball, 4MD, EV 93.1 MPH)
|
|
Batting: SHB Omar Cervantes
|
0-0: Ball 1-0: Ball 2-0: Called Strike 2-1: Ball 3-1: Base on Balls Dave Northam to second
|
|
Batting: RHB Willie Acevedo
|
0-0: Called Strike 0-1: Ball 1-1: TRIPLE (Line Drive, 9D, EV 107.5 MPH) Dave Northam scores Omar Cervantes scores
|
|
Batting: RHB Gabe Wilcoxon
|
0-0: Ball 1-0: Ball 2-0: SINGLE (Groundball, 34D, EV 105.6 MPH) Willie Acevedo scores
|
|
Pitching: RHP Jason Palmer
|
|
|
Batting: RHB Bobby Ross
|
0-0: Ball 1-0: Foul Ball, location: 2F 1-1: Ball 2-1: Foul Ball, location: 2F 2-2: Strikes out swinging
|
|
Batting: RHB Carlos Ruelas
|
0-0: 2-RUN HOME RUN (Flyball, 7LD, EV 94.4 MPH), Distance : 359 ft
|
|
Batting: RHB Gilbert Hoareau
|
0-0: Ball 1-0: Ball 2-0: Foul Ball, location: 2F 2-1: Ball 3-1: Foul Ball, location: 2F 3-2: Strikes out looking
|
| Top of the 12th over - 5 runs, 4 hits, 0 errors, 0 left on base; Princeton 13 - Oakland (APP) 8 |
| BOTTOM OF THE 12TH |
|
Oakland (APP) Athletics batting - Pitching for Princeton Rays : RHP Michito Higashi
|
|
Batting: RHB Toyohiko Nakajima
|
0-0: Called Strike 0-1: Called Strike 0-2: Foul Ball, location: 2F 0-2: Ball 1-2: Foul Ball, location: 2F 1-2: Ground out 4-3 (Groundball, 4, EV 93.1 MPH)
|
|
Batting: SHB Raul Herrera
|
0-0: Swinging Strike 0-1: Ball 1-1: Swinging Strike 1-2: Ball 2-2: Fly out, F8 (Flyball, 89D, EV 105.0 MPH)
|
|
Batting: LHB Bryan Hodensack
|
0-0: Ball 1-0: Foul Ball, location: 2F 1-1: Foul Ball, location: 2F 1-2: Foul Ball, location: 2F 1-2: Ball 2-2: Foul Ball, location: 2F 2-2: Foul Ball, location: 2F 2-2: Ball 3-2: Strikes out swinging
|
| Bottom of the 12th over - 0 runs, 0 hits, 0 errors, 0 left on base; Princeton 13 - Oakland (APP) 8 |
|